 Dungeon Crawl Stone Soup version 0.27-a0-346-ga689d4a613 (webtiles) character file.

Game seed: 7984842501840028085

1257 jestyr24 the Digger (level 8, 0/48 HPs)
             Began as a Gargoyle Earth Elementalist on Feb 16, 2021.
             Was an Initiate of Gozag.
             Shot with an arrow by a centaur (4 damage)
             ... on level 7 of the Dungeon.
             The game lasted 00:35:26 (7511 turns).

jestyr24 the Digger (Gargoyle Earth Elementalist)   Turns: 7511, Time: 00:35:26

Health: 0/48       AC: 12    Str: 10 (12) XL:     8   Next: 51%
Magic:  6/15       EV: 12    Int: 16 (18) God:    Gozag
Gold:   503        SH:  0    Dex: 10      Spells: 11/17 levels left

rFire    . . .     SeeInvis .   C - +2 hand axe (vorpal)
rCold    + . .     Faith    .   (no shield)
rNeg     + . .     Spirit   .   c - +0 robe
rPois    ∞         Reflect  .   (no helmet)
rElec    +         Harm     .   (no cloak)
rCorr    .         Rampage  .   y - +0 pair of gloves
Will     .....                  (no boots)
Stlth    ++........             (no amulet)
HPRegen  0.16/turn              t - +4 ring of protection
MPRegen  0.14/turn              v - ring of protection from cold

@: marked, very slightly contaminated
A: negative energy resistance 1, electricity resistance, unbreathing,
petrification resistance, miasma immunity, AC +5
a: Renounce Religion, Potion Petition, Call Merchant, Bribe Branch


You were on level 7 of the Dungeon.
You worshipped Gozag.
Gozag was pleased with you.
You visited 2 branches of the dungeon, and saw 8 of its levels.

You collected 542 gold pieces.
You paid 39 gold pieces to Gozag.

Inventory:

Hand Weapons
 d - a +0 war axe
 e - a +0 hand axe of freezing
 g - a +2 dagger of flaming
 h - a +1 dagger of speed
 C - a +2 vorpal hand axe (weapon)
Missiles
 b - 84 stones
 j - 15 boomerangs (quivered)
Armour
 c - a +0 robe (worn)
 y - a +0 pair of gloves (worn)
Jewellery
 t - a +4 ring of protection (left hand)
 v - a ring of protection from cold (right hand)
 z - a ring of positive energy
Wands
 n - a wand of paralysis (10)
 w - a wand of digging (6)
 B - a wand of polymorph (10)
Scrolls
 f - a scroll of fog
 i - 12 scrolls of identify
 l - a scroll of blinking
 m - a scroll of enchant weapon
 p - 4 scrolls of amnesia
 s - 4 scrolls of teleportation
Potions
 a - 2 potions of curing
 k - a potion of brilliance
 q - a potion of might


   Skills:
 * Level 4.4 Fighting
 - Level 0.1 Axes
 + Level 3.3 Dodging
 + Level 4.0 Stealth
 + Level 5.2 Spellcasting
 + Level 1.0 Conjurations
 + Level 0.7 Transmutations
 + Level 7.3 Earth Magic


You had 11 spell levels left.
You knew the following spells:

 Your Spells              Type           Power        Failure   Level
a - Sandblast             Erth           54%          1%          1
b - Stone Arrow           Conj/Erth      34%          8%          3
c - Passwall              Tmut/Erth      14%          4%          2

Your spell library contained the following spells:

 Spells                   Type           Power        Failure   Level
 Beastly Appendage        Tmut           12%          11%         1
 Wereblood                Tmut           6%           17%         2
 Lee's Rapid Deconstruct  Erth           13%          21%         5
 Petrify                  Tmut/Erth      17%          28%         4
 Spider Form              Tmut/Pois      2%           36%         3
 Ice Form                 Ice/Tmut       5%           77%         4
 Blade Hands              Tmut           3%           97%         5


Dungeon Overview and Level Annotations

Branches:
Dungeon (7/15)             Temple (1/1) D:4

Altars:
Ashenzari
Cheibriados
Elyvilon
Gozag
Hepliaklqana
Kikubaaqudgha
Okawaru
Ru
Sif Muna
Trog
Uskayaw
Vehumet
Wu Jian
Xom
Yredelemnul
Zin
The Shining One

Shops:
D:4 !

Annotations:
D:7 Harold


Innate Abilities, Weirdness & Mutations

You are resistant to torment.
Your stone body is resilient. (AC +5)
You are immune to poison.
You resist negative energy. (rN+)
You are resistant to electric shocks. (rElec)
You can survive without breathing.
You are immune to petrification.
You are immune to miasma.


Message History

Harold closely misses you.
The centaur shoots an arrow.
The arrow closely misses you.
The arrow hits Harold.
Casting: Stone Arrow (dangerous; 8% risk of failure)
Confirm with . or Enter, or press ? or * to list all spells.
You don't know that spell.
Unknown command.
Casting: Stone Arrow (dangerous; 8% risk of failure)
Confirm with . or Enter, or press ? or * to list all spells.
Aiming: Passwall (safe; 4% risk of failure)
Press: ? - help, Dir - move target, p - Harold You can't see that place.
You miscast Passwall.
You are very lightly contaminated with residual magic.
Nothing appears to happen.
The centaur shoots an arrow.
The arrow hits you. Harold barely misses you.
The centaur shoots an arrow.
The arrow hits you.
Harold throws a throwing net.
The throwing net completely misses you.
You see here a throwing net.
Casting: Passwall (safe; 4% risk of failure)
Confirm with . or Enter, or press ? or * to list all spells.
Aiming: Passwall (safe; 4% risk of failure)
Press: ? - help, Dir - move target You can't see that place.
This rock feels extremely deep.
The centaur shoots an arrow.
The arrow hits you!
* * * LOW HITPOINT WARNING * * *
Harold gestures at you while chanting. The mark upon you grows brighter.
Casting: Passwall (safe; 4% risk of failure)
Confirm with . or Enter, or press ? or * to list all spells.
Aiming: Passwall (safe; 4% risk of failure)
Press: ? - help, Dir - move target You can't see that place.
The centaur shoots an arrow.
The arrow hits you but does no damage.
The centaur shoots an arrow.
The arrow hits you!
* * * LOW HITPOINT WARNING * * *
You begin to meditate on the wall.
You continue meditating on the rock.
The centaur shoots an arrow.
The arrow hits you.
You die...
Your body crumbles into a pile of gold.

####### ..(....
....... ####
...♣_)( .$#
....... #$#
.......###@#
....(....@.# #
.......##.c#####.#
...≈≈..##........#
.≈≈≈≈≈.#....<.##.#
.≈≈≈≈≈.##..##.#
≈≈≈≈≈≈≈ #..# .#
####### #... .#
#.## .#


You could see Harold and a centaur.

Vanquished Creatures
  2 ogres (D:4)
  An orc warrior (D:6)
  A phantom (D:4)
  2 bullfrogs (D:6)
  2 scorpions
  A centaur zombie (D:6)
  A jelly (D:6)
  A hound (D:6)
  5 orc priests
  An iguana (D:5)
  4 orc wizards
  2 worker ants
  A hound zombie (D:6)
  A howler monkey zombie (D:3)
  11 adders
  A howler monkey skeleton (D:4)
  3 shadow imps (D:6)
  2 adder skeletons
  4 worms
  3 dart slugs
  5 leopard geckos
  16 orcs
  6 bats
  4 giant cockroaches
  16 goblins
  5 hobgoblins
  2 jackals (D:5)
  7 kobolds
  2 quokkas (D:4)
  3 ball pythons
  5 frilled lizards
  A jackal skeleton (D:4)
  5 rats
126 creatures vanquished.

Notes
Turn   | Place    | Note
-------+----------+-------------------------------------------
     0 | D:1      | jestyr24 the Gargoyle Earth Elementalist began the quest
                  | for the Orb.
     0 | D:1      | Reached XP level 1. HP: 10/10 MP: 3/3
   214 | D:1      | Reached XP level 2. HP: 15/15 MP: 3/5
   215 | D:1      | Reached skill level 4 in Earth Magic
   580 | D:1      | Reached XP level 3. HP: 18/19 MP: 6/6
  1000 | D:2      | Found an iron altar of Okawaru.
  1445 | D:2      | Reached XP level 4. HP: 23/24 MP: 7/7
  2390 | D:3      | Reached skill level 1 in Fighting
  2390 | D:3      | Reached XP level 5. HP: 29/29 MP: 5/8
  3063 | D:4      | Found Usmedd's Distillery.
  3063 | D:4      | Noticed an ogre
  3070 | D:4      | Killed an ogre
  3071 | D:4      | Reached skill level 5 in Earth Magic
  3071 | D:4      | Reached XP level 6. HP: 9/35 MP: 2/10
  3454 | D:4      | Learned a level 3 spell: Stone Arrow
  3493 | D:4      | Found a glowing silver altar of Zin.
  3604 | D:4      | Reached XP level 7. HP: 41/41 MP: 8/12
  3637 | D:4      | Found a staircase to the Ecumenical Temple.
  3643 | Temple   | Entered the Ecumenical Temple
  3728 | Temple   | Became a worshipper of Gozag Ym Sagoz the Greedy
  3814 | D:4      | Reached skill level 6 in Earth Magic
  4469 | D:5      | Entered Level 5 of the Dungeon
  6044 | D:6      | Reached XP level 8. HP: 28/48 MP: 2/15
  6204 | D:6      | Found an iron altar of Okawaru.
  6204 | D:6      | Found a hazy altar of Hepliaklqana.
  6205 | D:6      | Found a bloodstained altar of Trog.
  6206 | D:6      | Found a radiant altar of Vehumet.
  6206 | D:6      | Found a hide-covered altar of Uskayaw.
  6206 | D:6      | Found a shimmering altar of Xom.
  6414 | D:6      | Reached skill level 7 in Earth Magic
  6430 | D:6      | Reached skill level 5 in Spellcasting
  7105 | D:6      | Learned a level 2 spell: Passwall
  7133 | D:6      | Reached skill level 1 in Conjurations
  7486 | D:7      | Found an ornate altar of the Wu Jian Council.
  7492 | D:7      | Noticed Harold
  7511 | D:7      | Shot with an arrow by a centaur

Illustrated notes

Levels and vault maps discovered:
D:1:      lightli_arrival_flooded_house, layout_basic, minivault_5, st_stairs_1
D:2:      minmay_diamond_boxcup, layout_loops_ring, okawaru_ov_weapons_minmay
D:3:      layout_basic
D:4:      layout_rooms, zin_academy, temple_statues, serial_shops,
          nicolae_shop_crystal
D:5:      layout_basic, minivault_27
D:6:      layout_rooms, grunt_temple_overflow_open, kennysheep_donut,
          mrwooster_statue_mirror, grunt_ministairs_3
D:7:      layout_loops_corners, nicolae_overflow_quartered_altars,
          nzn_wu_jian_contemplation, minmay_misc_feat_tiny,
          nemelex_lonely_heart_becter, uniq_duvessa, uniq_harold, uniq_menkaure
Temple:   dpeg_three_leaves_temple

Skill      XL: |  1  2  3  4  5  6  7  8 |
---------------+-------------------------+-----
Earth Magic    | 4 5 6 7 |  7.3
Dodging        | 2 3 |  3.3
Stealth        | 3 4 |  4.0
Fighting       | 1 2 3 4 |  4.4
Spellcasting   | 3 4 5 |  5.2
Conjurations   | 1 |  1.0
Axes           | |  0.1
Transmutations | |  0.7

Action                   |  1- 3 |  4- 6 |  7- 9 || total
-------------------------+-------+-------+-------++-------
Melee: Short sword       |    21 |       |       ||    21
       Unarmed           |     1 |       |       ||     1
       Hand axe          |    71 |    87 |   115 ||   273
Throw: Boomerang         |     3 |     3 |       ||     6
 Cast: Sandblast         |     8 |    36 |    34 ||    78
       Stone Arrow       |       |       |    34 ||    34
       Passwall          |       |       |     2 ||     2
  Use: Scroll            |       |     1 |     8 ||     9
       Potion            |       |       |     5 ||     5
 Stab: Sleeping          |     7 |     2 |     1 ||    10
Armor: Robe              |    52 |    35 |    85 ||   172
Dodge: Dodged            |    68 |    55 |   114 ||   237

Table legend: (Time is in decaauts)
 A = Elapsed time spent in this place.
 B = Non-inter-level travel time spent in this place.
 C = Inter-level travel time spent in this place.
 D = Time resting spent in this place.
 E = Time spent auto-exploring this place.
 F = Levels seen in this place.
 G = Mean time per level.
                   A        B        C        D        E       F      G
               +--------+--------+--------+--------+--------+-----+--------+
         Total |   7600 |   7347 |    253 |   2754 |   2372 |   8 |  950.0 |
       Dungeon |   7502 |   7249 |    253 |   2754 |   2316 |   7 | 1071.7 |
        Temple |     97 |     97 |      0 |      0 |     56 |   1 |   97.0 |
               +--------+--------+--------+--------+--------+-----+--------+

Top non-repeatable levels by time:
     D:5: 1925 daAuts
     D:3: 1693 daAuts
     D:6: 1118 daAuts
     D:4: 979 daAuts
     D:1: 968 daAuts
     D:2: 791 daAuts
  Temple: 97 daAuts
     D:7: 25 daAuts
